 Seeded DCSS version 0.29-a0-378-gc08b2e8bf8 (webtiles) character file.

Game seed: 13605594255664981076 (custom seed)

387 thiscave3701365 the Skirmisher (level 6, -2/56 HPs)
             Began as a Minotaur Berserker on May 4, 2022.
             Was a Believer of Trog.
             Slain by a gnoll
             ... wielding a +0 spear
              (3 damage)
             ... on level 4 of the Dungeon.
             The game lasted 00:02:43 (5299 turns).

thiscave3701365 the Skirmisher (Minotaur Berserker) Turns: 5299, Time: 00:02:46

Health: -2/56      AC: 10    Str: 24    XL:     6   Next: 49%
Magic:  5/5        EV:  9    Int:  4    God:    Trog [**....]
Gold:   174        SH:  0    Dex:  9    Spells: 5/5 levels left

rFire   . . .      SeeInvis .   a - +0 hand axe
rCold   . . .      Faith    .   (no shield)
rNeg    . . .      Spirit   .   o - +1 chain mail {rPois}
rPois   +          Reflect  .   (helmet restricted)
rElec   .          Harm     .   (no cloak)
rCorr   .          Rampage  .   (no gloves)
Will    .....                   (no boots)
Stlth   ..........              (no amulet)
HPRegen 0.18/turn               (no ring)
MPRegen 0.09/turn               (no ring)

@: on berserk cooldown, slowed, very slow
A: horns 2, retaliatory headbutt
a: Renounce Religion, Berserk, Trog's Hand


You were on level 4 of the Dungeon.
You worshipped Trog.
Trog was pleased with you.
You visited 1 branch of the dungeon, and saw 4 of its levels.

You collected 174 gold pieces.

Inventory:

Hand Weapons
 a - a +0 hand axe (weapon)
Armour
 b - a +0 animal skin
 o - a +1 chain mail of poison resistance (worn)
Jewellery
 r - a ring of protection from cold
Wands
 u - a wand of charming (10)
Scrolls
 d - a scroll of immolation {unknown}
 e - 6 scrolls of identify {unknown}
 g - a scroll of blinking {unknown}
 h - 2 scrolls of fog {unknown}
 i - 2 scrolls of vulnerability {unknown}
 k - 2 scrolls of poison {unknown}
 p - a scroll of torment {unknown}
 q - a scroll of teleportation {unknown}
Potions
 c - a potion of brilliance {unknown}
 f - 2 potions of haste {unknown}
 j - a potion of magic {unknown}
 l - a potion of might {unknown}
 m - a potion of ambrosia {unknown}
 n - a potion of flight {unknown}
 s - a potion of heal wounds {unknown}
 t - a potion of mutation {unknown}


   Skills:
 + Level 5.4 Fighting
 + Level 5.3 Axes
 + Level 4.6 Armour
 + Level 4.2 Dodging


You had 5 spell levels left.
You didn't know any spells.
Your spell library was empty.

Dungeon Overview and Level Annotations

Branches:
Dungeon (4/15)             Temple (0/1) D:4

Altars:
Cheibriados
Gozag
Makhleb
Nemelex Xobeh
Okawaru
Uskayaw


Innate Abilities, Weirdness & Mutations

You have a pair of horns on your head.
You reflexively headbutt those who attack you in melee.


Message History

You closely miss the gnoll.
The gnoll hits you with a +1 whip of venom.
You are poisoned.
The gnoll completely misses you. The gnoll hits you but does no damage.
You slash the gnoll!
The gnoll is almost dead.
You are no longer berserk.
You are exhausted.
You feel yourself slow down.
You feel sick.
You barely miss the gnoll. You headbutt the gnoll.
You kill the gnoll!
Trog accepts your kill.
You feel sick. The gnoll closely misses you.
The gnoll hits you from afar with a +0 spear.
The gnoll hits you but does no damage.
The gnoll hits you from afar with a +0 spear.
You feel sick. The gnoll hits you but does no damage.
The gnoll hits you with a +0 spear.
* * * LOW HITPOINT WARNING * * *
Items here: )) ††.
You slash the gnoll!
The gnoll is heavily wounded.
You hit the gnoll.
You feel sick. The gnoll barely misses you. x2
The gnoll hits you with a +0 spear.
* * * LOW HITPOINT WARNING * * *
The gnoll hits you with a +0 spear.
* * * LOW HITPOINT WARNING * * *
You completely miss the gnoll. You headbutt the gnoll.
The gnoll is heavily wounded.
You closely miss the gnoll.
You feel sick. The gnoll barely misses you. The gnoll hits you with a +0 spear.
* * * LOW HITPOINT WARNING * * *
You hit the gnoll but do no damage. Your headbutt misses the gnoll.
The gnoll is heavily wounded.
You hit the gnoll.
* * * LOW HITPOINT WARNING * * *
You feel sick.
You are no longer poisoned.
The gnoll hits you with a +0 spear.
You die...

#
#.####.########
# #.#
#.##...... #
#.# #.##.#####
#.# #.##.# # #
#.# #.##.# # #.
#.# #.##.## #
##.# #.#
#.#...####
####...###.#
#.........
......g@...#
####...####
####..g#####
#.....## ##.#
#.##### #. #.#
..# . #.# .....
## #.# ....#
#)# #.#.# #.#
#.#.# #.#


You could see 2 gnolls.

Vanquished Creatures
  An ogre (D:4)
  2 orc priests (D:4)
  An iguana (D:3)
  An orc wizard (D:3)
  6 gnolls
  3 adders
  An ufetubus (D:4)
  20 orcs
  4 endoplasms
  3 giant cockroaches
  8 goblins
  4 hobgoblins
  3 jackals (D:1)
  A quokka (D:4)
  9 ball pythons
  A bat (D:3)
  3 frilled lizards
  5 kobolds
  7 rats
83 creatures vanquished.

Notes
Turn   | Place    | Note
-------+----------+-------------------------------------------
     0 | D:1      | thiscave3701365 the Minotaur Berserker began the quest for
                  | the Orb.
     0 | D:1      | Reached XP level 1. HP: 19/19 MP: 0/0
   559 | D:1      | Found a faded altar of an unknown god.
   652 | D:1      | Reached XP level 2. HP: 26/27 MP: 1/1
  1595 | D:2      | Reached XP level 3. HP: 32/33 MP: 2/2
  1696 | D:2      | Reached XP level 4. HP: 27/41 MP: 3/3
  1914 | D:2      | Reached ** piety under Trog
  3081 | D:3      | Found a burning altar of Makhleb.
  3081 | D:3      | Found a hide-covered altar of Uskayaw.
  3278 | D:3      | Reached XP level 5. HP: 47/47 MP: 4/4
  4137 | D:4      | Noticed an ogre
  4143 | D:4      | Killed an ogre
  4144 | D:4      | Reached skill level 5 in Fighting
  4144 | D:4      | Reached skill level 5 in Axes
  4456 | D:4      | Found a staircase to the Ecumenical Temple.
  4523 | D:4      | Found an opulent altar of Gozag.
  4523 | D:4      | Found a sparkling altar of Nemelex Xobeh.
  4623 | D:4      | Reached XP level 6. HP: 56/56 MP: 5/5
  4869 | D:4      | Found an iron altar of Okawaru.
  4930 | D:4      | Found a snail-covered altar of Cheibriados.
  5298 | D:4      | HP: 2/56 [gnoll/+0 spear (6)]
  5299 | D:4      | Slain by a gnoll

Illustrated notes

Levels and vault maps discovered:
D:1:      wander_arrival_lonely_grave, layout_basic,
          ebering_ecumenical_altar_rust
D:2:      layout_basic, minmay_misc_feat_tower, grunt_decor_mini_mirrors
D:3:      layout_basic, mainiacjoe_overflow_divided_tiny
D:4:      layout_loops_ring, grunt_temple_overflow_opulence,
          general_overflow_altar, mainiacjoe_overflow_24_doors, temple_doors_ab

Skill      XL: |  1  2  3  4  5  6 |
---------------+-------------------+-----
Fighting       | 4 5 |  5.4
Axes           | 4 5 |  5.3
Armour         | 3 4 |  4.6
Dodging        | 3 4 |  4.2

Action                   |  1- 3 |  4- 6 || total
-------------------------+-------+-------++-------
Melee: Hand axe          |    49 |   105 ||   154
       Headbutt          |     7 |    19 ||    26
Invok: Berserk           |     4 |     7 ||    11
 Stab: Sleeping          |       |     1 ||     1
Armor: Animal skin       |     7 |     4 ||    11
       Chain mail        |       |    40 ||    40
Dodge: Dodged            |    38 |    54 ||    92

Table legend: (Time is in decaauts)
 A = Elapsed time spent in this place.
 B = Non-inter-level travel time spent in this place.
 C = Inter-level travel time spent in this place.
 D = Time resting spent in this place.
 E = Time spent auto-exploring this place.
 F = Levels seen in this place.
 G = Mean time per level.
                   A        B        C        D        E       F      G
               +--------+--------+--------+--------+--------+-----+--------+
         Total |   5404 |   5194 |    210 |   1870 |   2912 |   4 | 1351.0 |
       Dungeon |   5404 |   5194 |    210 |   1870 |   2912 |   4 | 1351.0 |
               +--------+--------+--------+--------+--------+-----+--------+

Top non-repeatable levels by time:
     D:3: 1567 daAuts
     D:1: 1453 daAuts
     D:2: 1442 daAuts
     D:4: 941 daAuts
